 Dungeon Crawl Stone Soup version 0.29.1-1-gd02db6906a (webtiles) character file.

Game seed: 15940228698025784661

17313 Zeld the Severer (level 12, -18/110 HPs)
             Began as a Minotaur Berserker on Oct 13, 2022.
             Was a Follower of Trog.
             Killed from afar by a crystal guardian (40 damage)
             ... with a crystal bolt
             ... on level 12 of the Dungeon.
             The game lasted 00:13:54 (16034 turns).

Zeld the Severer (Minotaur Berserker)              Turns: 16034, Time: 00:13:55

Health: -18/110    AC: 27    Str: 35    XL:     12   Next: 17%
Magic:  11/11      EV:  7    Int:  4    God:    Trog [*.....]
Gold:   423        SH:  9    Dex: 11    Spells: 11/11 levels left

rFire   . . .      SeeInvis +   a - +2 war axe (flame)
rCold   + . .      Faith    .   C - +0 tower shield
rNeg    + . .      Spirit   .   N - +2 plate armour of Gumer {Str+3}
rPois   .          Reflect  .   M - +2 hat of Xixzej {+Blink rN+ Regen+ SInv}
rElec   .          Harm     .   I - +1 cloak "Tycat" {Str+2}
rCorr   .          Rampage  .   J - +0 pair of gloves "Fitegay" {Str+4}
Will    .....                   L - +3 pair of mountain boots {steadfast, rC+}
Stlth   ..........              (no amulet)
HPRegen 1.08/turn               A - ring of see invisible
MPRegen 0.12/turn               (no ring)

@: no status effects
A: horns 2, retaliatory headbutt
a: Renounce Religion, Evoke Blink, Berserk


You were on level 12 of the Dungeon.
You worshipped Trog.
Trog was aware of your devotion.
You visited 2 branches of the dungeon, and saw 13 of its levels.
You also visited: Trove and Sewer.

You collected 907 gold pieces.
You spent 484 gold pieces at shops.

Inventory:

Hand Weapons
 a - a +2 war axe of flaming (weapon)
Armour
 C - a +0 tower shield (worn)
 I - the +1 cloak "Tycat" (worn) {Str+2}
   (You found it in a treasure trove)

   Str:       It affects your strength (+2).
 J - the +0 pair of gloves "Fitegay" (worn) {Str+4}
   (You found it in a treasure trove)

   Str:       It affects your strength (+4).
 L - the +3 pair of mountain boots (worn) {steadfast, rC+}
   (You found it in a treasure trove)

   It prevents involuntary movement, except for blinking, teleportation, or
   banishment.
   rC:        It protects you from cold.
 M - the +2 hat of Xixzej (worn) {+Blink rN+ Regen+ SInv}
   (You found it in a treasure trove)

   rN:        It protects you from negative energy.
   SInv:      It lets you see invisible.
   +Blink:    It lets you blink.
   Regen:     It increases your rate of health regeneration.
 N - the +2 plate armour of Gumer (worn) {Str+3}
   (You found it in a treasure trove)

   Str:       It affects your strength (+3).
Jewellery
 h - a +6 ring of intelligence
 y - a +6 ring of dexterity
 A - a ring of see invisible (left hand)
Wands
 p - a wand of roots (7)
 q - a wand of polymorph (5)
 z - a wand of light (12)
 F - a wand of paralysis (10)
Scrolls
 c - 4 scrolls of identify
 e - 13 scrolls of teleportation
 g - 2 scrolls of magic mapping
 i - 2 scrolls of enchant weapon
 k - 3 scrolls of enchant armour
 m - 2 scrolls of fear
 r - 2 scrolls of blinking
 x - a scroll of amnesia {unknown}
 D - a scroll of brand weapon
 G - a scroll of vulnerability
Potions
 b - 4 potions of mutation
 d - 4 potions of might
 f - 2 potions of attraction {unknown}
 j - a potion of lignification {unknown}
 l - 5 potions of ambrosia {unknown}
 n - 2 potions of haste {unknown}
 o - 3 potions of flight {unknown}
 s - 2 potions of heal wounds
 t - 5 potions of curing
 u - 2 potions of magic
 v - 2 potions of cancellation {unknown}
 w - 2 potions of berserk rage {unknown}
 B - 2 potions of resistance {unknown}


   Skills:
 + Level 11.4 Fighting
 * Level 15.4 Axes
 + Level 11.1 Armour
 + Level 10.2 Dodging


You had 11 spell levels left.
You didn't know any spells.
Your spell library was empty.

Dungeon Overview and Level Annotations

Branches:
Dungeon (12/15)            Temple (1/1) D:7            Lair (0/5) D:8
    Orc (0/2) D:11          Sewer (visited)

Altars:
Ashenzari
Cheibriados
Dithmenos
Elyvilon
Fedhas
Gozag
Hepliaklqana
Kikubaaqudgha
Makhleb
Nemelex Xobeh
Okawaru
Qazlal
Ru
Sif Muna
Trog
Uskayaw
Vehumet
Wu Jian
Xom
Yredelemnul
Zin
The Shining One

Annotations:
D:11 Urug
D:12 exclusion: orange crystal statue


Innate Abilities, Weirdness & Mutations

You have a pair of horns on your head.
You reflexively headbutt those who attack you in melee.


Message History

You block the unseen horror's attack.
An unseen horror is nearby!
The unseen horror hits you.
An unseen horror is nearby!
You slice the unseen horror!! You burn the unseen horror.
You kill the unseen horror!
Trog accepts your kill.
You enter the shallow water.
Moving in this stuff is going to be slow.
You enter the shallow water.
Moving in this stuff is going to be slow.
You open the door.
There is an open door here.
Key pressed, stopping explore.
No target in view!
You enter the shallow water.
Moving in this stuff is going to be slow.
There is a shaft here.
You enter the shallow water.
Moving in this stuff is going to be slow.
Found a runed translucent door.
No target in view!
Found six items.
Found a stone staircase leading up.
Marking area around an orange crystal statue as unsafe for travelling.
Found 38 gold pieces.
Found 5 stones and 23 gold pieces.
Press: ? - help, v - describe, . - travel
Here: an orange crystal statue (fire blocked by a runed translucent door)
The floor.
You open the door.
The orange crystal statue glitters. 2 crystal guardians come into view.
Found a puce potion, 59 gold pieces, a potion of magic and a chain mail.
The crystal guardian fires a crystalline bolt at you.
The crystal bolt burns you!! x2
The crystal guardian fires a crystalline bolt at you.
The crystal bolt burns you!!!
* * * LOW HITPOINT WARNING * * *
The crystal bolt burns you!!!
You die...

#..............#
##########.## ....# #
#..# ##<###..## #####
.........#######...#
#~~~~~~~~~~~~~...#.#
#~#####~#####~##...#
##@## #~###^##
#~#.9...(..9#~# #.#
#~#...O.....#~# #.#
#.# #~#..:....$.#~#
#.# #.#
#~#}.)$!(...#~# #.###
#.# #~#.?.:8}$..#~#
#...# #.#
#~#..(.....$#~# ###.#
#.#
#~#[.!!..$.$#~#####.#
##.####~# #~##.##.#


You could see an orange crystal statue, 2 crystal guardians and a two-headed
ogre (summoned).

Vanquished Creatures
  A boulder beetle (D:12)
  Erolcha (D:11)
  4 two-headed ogres
  A deep elf pyromancer (D:12)
  Pikel (D:7)
  Joseph (D:10)
  An elephant (D:8)
  Maggie (D:9)
  4 unseen horrors
  A gargoyle (D:12)
  A kobold demonologist (D:10)
  5 trolls
  Grinder (D:3)
  3 slime creatures (D:12)
  A shadow (D:10)
  Sigmund (D:2)
  4 wraiths
  A wyvern (D:7)
  7 yaks
  A steam dragon (D:9)
  3 vampire mosquitoes (D:10)
  A water moccasin (D:7)
  Duvessa (D:6)
  4 black bears
  13 orc warriors
  3 ice beasts
  2 sky beasts (D:7)
  2 ogres (D:11)
  3 centaurs
  3 lemures (D:7)
  A phantom (D:6)
  3 kobold brigands
  2 gnoll sergeants
  3 necrophages
  3 scorpions
  10 wights
  Dowan (D:6)
  A killer bee (D:7)
  14 howler monkeys
  A crimson imp (D:3)
  5 hounds
  9 orc priests
  Crazy Yiuf (D:2)
  A gnoll bouda (D:5)
  A jelly (D:6)
  Natasha (thrice) (D:2)
  6 iguanas
  12 orc wizards
  10 adders
  12 gnolls
  A river rat (Sewer)
  2 shadow imps
  2 ufetubi
  5 worms
  3 dart slugs (D:4)
  36 orcs
  11 endoplasms
  A giant cockroach (D:2)
  7 goblins
  3 hobgoblins
  16 kobolds
  4 quokkas
  9 ball pythons
  5 bats
  4 frilled lizards
  6 rats
290 creatures vanquished.

Vanquished Creatures (others)
  6 plants (D:1)
6 creatures vanquished.

Grand Total: 296 creatures vanquished

Notes
Turn   | Place    | Note
-------+----------+-------------------------------------------
     0 | D:1      | Zeld the Minotaur Berserker began the quest for the Orb.
     0 | D:1      | Reached XP level 1. HP: 19/19 MP: 0/0
   200 | D:1      | Reached XP level 2. HP: 24/27 MP: 1/1
   217 | D:1      | Reached skill level 4 in Axes
  1191 | D:1      | Reached ** piety under Trog
  1304 | D:2      | Found a faded altar of an unknown god.
  1364 | D:2      | Reached XP level 3. HP: 29/33 MP: 2/2
  1385 | D:2      | Noticed Natasha
  1396 | D:2      | Killed Natasha
  1679 | D:2      | Reached XP level 4. HP: 40/40 MP: 3/3
  2123 | D:2      | Found a runed translucent door.
  2124 | D:2      | Noticed Crazy Yiuf
  2263 | D:2      | Noticed Natasha
  2270 | D:2      | Killed Natasha
  2271 | D:2      | Reached skill level 5 in Axes
  2292 | D:2      | Noticed Natasha
  2310 | D:2      | Killed Natasha
  2311 | D:2      | Reached XP level 5. HP: 13/47 MP: 4/4
  2789 | D:2      | Noticed Sigmund
  2794 | D:2      | Killed Sigmund
  2795 | D:2      | Reached skill level 6 in Axes
  2795 | D:2      | Reached XP level 6. HP: 55/55 MP: 5/5
  3205 | D:2      | Killed Crazy Yiuf
  3336 | D:3      | Reached skill level 5 in Fighting
  3416 | D:3      | Found a shimmering altar of Xom.
  3417 | D:3      | Found a burning altar of Makhleb.
  3419 | D:3      | Paralysed by a crimson imp for 2 turns
  4103 | D:3      | Noticed Grinder
  4120 | D:3      | Paralysed by Grinder for 5 turns
  4126 | D:3      | Killed Grinder
  4127 | D:3      | Reached XP level 7. HP: 36/61 MP: 6/6
  4963 | D:4      | Reached skill level 7 in Axes
  4989 | D:4      | Found Fofaqant's Distillery.
  5001 | D:4      | Bought a potion of heal wounds for 55 gold pieces
  5001 | D:4      | Bought a potion of curing for 33 gold pieces
  5001 | D:4      | Bought a potion of curing for 33 gold pieces
  5001 | D:4      | Bought a potion of heal wounds for 55 gold pieces
  5496 | D:5      | Entered Level 5 of the Dungeon
  5496 | D:5      | Found a glowing drain.
  5524 | Sewer    | Entered a sewer
  5593 | Sewer    | Reached skill level 5 in Armour
  6025 | Sewer    | Reached *** piety under Trog
  6164 | D:5      | Reached XP level 8. HP: 65/70 MP: 7/7
  6218 | D:5      | Reached skill level 8 in Axes
  6218 | D:5      | Reached skill level 5 in Dodging
  7012 | D:6      | Noticed Duvessa
  7012 | D:6      | Noticed Dowan
  7016 | D:6      | Killed Duvessa
  7019 | D:6      | Killed Dowan
  7239 | D:6      | Reached skill level 9 in Axes
  7608 | D:6      | HP: 2/73 [poisoned by a gnoll sergeant]
  7959 | D:6      | Reached XP level 9. HP: 66/79 MP: 8/8
  8353 | D:4      | Bought a potion of might for 44 gold pieces
  8353 | D:4      | Bought a potion of magic for 88 gold pieces
  8703 | D:7      | Reached skill level 10 in Axes
  8704 | D:7      | Found a staircase to the Ecumenical Temple.
  8725 | Temple   | Entered the Ecumenical Temple
  8856 | D:7      | Noticed Pikel
  8862 | D:7      | Killed Pikel
  8907 | D:7      | Reached **** piety under Trog
  9097 | D:7      | Reached skill level 11 in Axes
  9695 | D:7      | Reached XP level 10. HP: 74/90 MP: 9/9
 10654 | D:8      | Found a staircase to the Lair.
 10654 | D:8      | Noticed an elephant
 10664 | D:8      | Reached skill level 12 in Axes
 10664 | D:8      | Killed an elephant
 10868 | D:8      | Identified the +3 robe "Gankaiva" {Int+3}
 11278 | D:8      | Found a basalt altar of Yredelemnul.
 11278 | D:8      | Found a glowing golden altar of the Shining One.
 11278 | D:8      | Found a glowing silver altar of Zin.
 11284 | D:8      | Found a snail-covered altar of Cheibriados.
 11285 | D:8      | Found a hazy altar of Hepliaklqana.
 11287 | D:8      | Found a sacrificial altar of Ru.
 11287 | D:8      | Found a hide-covered altar of Uskayaw.
 11288 | D:8      | Found a broken altar of Ashenzari.
 11290 | D:8      | Found a sparkling altar of Nemelex Xobeh.
 11294 | D:8      | Found a white marble altar of Elyvilon.
 11296 | D:8      | Found a bloodstained altar of Trog.
 11553 | D:9      | Noticed a two-headed ogre
 11559 | D:9      | Killed a two-headed ogre
 11808 | D:9      | Noticed Maggie
 11822 | D:9      | Killed Maggie
 11866 | D:9      | Reached skill level 13 in Axes
 12146 | D:9      | Identified the +6 whip "Onkong" {freeze, rN+++ Int-4 Dex+4}
 12414 | D:10     | Entered Level 10 of the Dungeon
 12683 | D:10     | Reached ***** piety under Trog
 12689 | D:10     | Reached XP level 11. HP: 95/99 MP: 10/10
 12793 | D:10     | Noticed Joseph
 12806 | D:10     | Killed Joseph
 13007 | D:10     | Reached skill level 10 in Fighting
 13024 | D:10     | HP: 6/148 [hellwing[a kobold demonologist] (9)]
 13537 | D:10     | Found a portal to a secret trove of treasure.
 13611 | Trove    | Entered a treasure trove
 13613 | Trove    | Found the +3 pair of gauntlets of War {Slay+5}
 13614 | Trove    | Found the +4 Cigotuvi's embrace {rMiasma Drain rN+}
 13614 | Trove    | Found the +3 pair of mountain boots {steadfast, rC+}
 13617 | Trove    | Identified the +1 cloak "Tycat" {Str+2}
 13622 | Trove    | Identified the +0 pair of gloves "Fitegay" {Str+4}
 13625 | Trove    | Identified the +3 pair of gloves of the Unbroken {rC+}
 13627 | Trove    | Identified the +2 hat of Xixzej {+Blink rN+ Regen+ SInv}
 13634 | Trove    | Identified the +2 plate armour of Gumer {Str+3}
 13636 | Trove    | Identified the +1 plate armour "Gaxis" {*Corrode Str+3
                  | Stlth+}
 13916 | D:4      | Bought a potion of mutation for 88 gold pieces
 13916 | D:4      | Bought a potion of mutation for 88 gold pieces
 14129 | D:11     | Noticed a two-headed ogre
 14138 | D:11     | Killed a two-headed ogre
 14139 | D:11     | Reached skill level 14 in Axes
 14139 | D:11     | Reached skill level 10 in Armour
 14273 | D:11     | Noticed Erolcha
 14287 | D:11     | Killed Erolcha
 14320 | D:11     | Found a staircase to the Orcish Mines.
 14339 | D:11     | Reached * piety under Trog
 14865 | D:11     | Noticed Urug
 15188 | D:12     | Noticed a two-headed ogre
 15198 | D:12     | Killed a two-headed ogre
 15199 | D:12     | Reached skill level 15 in Axes
 15221 | D:12     | Noticed a boulder beetle
 15223 | D:12     | Noticed a two-headed ogre
 15231 | D:12     | Killed a two-headed ogre
 15232 | D:12     | Reached XP level 12. HP: 110/110 MP: 11/11
 15252 | D:12     | Reached skill level 10 in Dodging
 15561 | D:12     | Killed a boulder beetle
 16028 | D:12     | Found a runed translucent door.
 16034 | D:12     | Noticed a two-headed ogre
 16034 | D:12     | Noticed a crystal guardian
 16034 | D:12     | Noticed a crystal guardian
 16034 | D:12     | Killed from afar by a crystal guardian

Illustrated notes

Levels and vault maps discovered:
D:1:      spicycebolla_arrival_risky_transporter, layout_basic,
          serial_bayou_ford_a, nrook_loot_triangle
D:2:      layout_loops_ring, basic_ecumenical_altar, uniq_natasha, uniq_sigmund,
          uniq_crazy_yiuf_cottage
D:3:      layout_basic, grunt_temple_overflow_champion_of_chaos,
          kennysheep_small_spiral, uniq_grinder
D:4:      layout_gridville, serial_shops, nicolae_shop_stone
D:5:      layout_gridville, serial_glass, glass_columns_c, glass_columns_b,
          glass_columns_a, glass_columns_b, glass_columns_a, glass_columns_b,
          minmay_strange_pillars, cheibrodos_sewer_entry_bend
D:6:      layout_loops_cross, uniq_duvessa
D:7:      layout_basic, minmay_temple_entry_tees, hangedman_minor_gate_pass,
          uniq_pikel
D:8:      layout_loops_ring, nicolae_overflow_hallway_of_the_gods,
          david_lair_generic
D:9:      layout_basic, hangedman_abyss_or_decor_passed, uniq_maggie
D:10:     layout_rooms, enter_trove_3, uniq_joseph
D:11:     gammafunk_indiana_jones, layout_cave_pools,
          minmay_orc_entry_temple_small, special_room [special_room_orc],
          uniq_psyche, uniq_urug, uniq_erolcha
D:12:     layout_loops_corners, minmay_crystal_box
Temple:   hellmonk_temple_beads

Skill      XL: |  1  2  3  4  5  6  7  8  9 10 11 12 |
---------------+-------------------------------------+-----
Axes           | 4 5 6 7 9 11 13 15 | 15.4
Fighting       | 4 5 6 7 8 9 11 | 11.4
Armour         | 3 4 5 6 8 9 10 11 | 11.1
Dodging        | 3 4 6 7 8 9 10 | 10.2

Action                   |  1- 3 |  4- 6 |  7- 9 | 10-12 || total
-------------------------+-------+-------+-------+-------++-------
Melee: Hand axe          |    83 |    92 |   382 |   303 ||   860
       Headbutt          |     9 |     8 |    48 |    81 ||   146
       Punch             |       |       |     5 |       ||     5
       War axe           |       |       |       |    71 ||    71
Invok: Berserk           |     1 |     5 |     6 |     8 ||    20
       Trog's Hand       |       |       |     1 |       ||     1
  Use: Scroll            |       |       |     9 |     2 ||    11
       Potion            |       |       |     1 |       ||     1
 Stab: Sleeping          |       |       |     1 |       ||     1
Armor: Animal skin       |    15 |    14 |     2 |       ||    31
       Plate armour      |       |       |   164 |   217 ||   381
Dodge: Dodged            |    41 |    46 |   145 |   118 ||   350
Block: Tower shield      |       |       |    17 |   198 ||   215
